 Dungeon Crawl Stone Soup version 0.24.1-14-gf8d2b509d9 (console) character file.

Game seed: 4196386403527080020, levelgen mode: deterministic

3535 Kagalorn the Fighter (level 10, -1/85 HPs)
             Began as a Gnoll Wanderer on Nov 27, 2020.
             Was a Follower of Ashenzari.
             Slain by an orc warrior
             ... wielding a +0 halberd
              (9 damage)
             ... in a bailey.
             The game lasted 00:21:09 (8121 turns).

Kagalorn the Fighter (Gnoll Wanderer)               Turns: 8121, Time: 00:21:09

Health: -1/85      AC: 13    Str: 19    XL:     10   Next: 8%
Magic:  17/17      EV: 12    Int: 14    God:    Ashenzari [*.....]
Gold:   369        SH: 10    Dex: 17    Spells: 18/18 levels left

rFire    + . .     SeeInvis .   a - +2 trident (pierce)
rCold    . . .     Gourm    .   p - +0 shield
rNeg     . . .     Faith    .   c - +0 ring mail (curse)
rPois    +         Spirit   .   E - +0 helmet
rElec    +         Reflect  .   v - +1 cloak {MR+} (curse)
rCorr    .         Harm     .   k - +1 pair of gloves {Dex+3}
MR       ++...                  S - +0 pair of boots
Stlth    ++........             h - amulet of inaccuracy (curse)
HPRegen  0.24/turn              V - ring of Yredelemnul's Esteem {Wiz rElec rF+ MR+}
MPRegen  0.15/turn              q - ring of poison resistance

@: no status effects
A: distributed training, fangs 1, strong nose
a: Curse Item, Scrying, Renounce Religion


You were in a bailey.
You worshipped Ashenzari.
Ashenzari was aware of your devotion.
You were not hungry.

You visited 2 branches of the dungeon, and saw 9 of its levels.
You also visited: Bailey.

You collected 369 gold pieces.

Inventory:

Hand Weapons
 a - a +2 trident of piercing (weapon)
 b - the +5 hunting sling of Duty {speed, rC++ Stlth-}
   (You found it on level 7 of the Dungeon)

   Attacks with this weapon are significantly faster.
   It greatly protects you from cold.
   It makes you less stealthy.
 o - a +3 hand axe of freezing
 K - a +0 long sword of slicing
Missiles
 f - 116 bolts
 m - 203 stones
 r - 16 javelins
 C - 4 poisoned darts
 G - 5 boomerangs (quivered)
 Q - 5 curare-tipped darts
Armour
 c - a cursed +0 ring mail (worn)
 k - a +1 pair of gloves of dexterity (worn)
 p - a +0 shield (worn)
 v - a cursed +1 cloak of magic resistance (worn)
 y - a +0 plate armour
 E - a +0 helmet (worn)
 S - a +0 pair of boots (worn)
 W - a +4 scale mail
Jewellery
 h - a cursed amulet of inaccuracy (around neck)
 l - an uncursed ring of see invisible
 q - a ring of poison resistance (right hand)
 u - an uncursed amulet of rage
 L - a +2 ring of intelligence
 P - a +5 amulet of reflection
 V - the ring of Yredelemnul's Esteem (left hand) {Wiz rElec rF+ MR+}
   (You found it in a bailey)

   [ring of wizardry]

   It improves your spell success rate.
   It protects you from fire.
   It insulates you from electricity.
   It affects your resistance to hostile enchantments.
Wands
 x - a wand of acid (3)
 A - a wand of scattershot (1)
 M - a wand of digging (7)
 O - a wand of random effects (22)
Scrolls
 g - 5 scrolls of teleportation
 j - a scroll of remove curse
 z - 2 scrolls of enchant armour
 B - a scroll of enchant weapon {unknown}
 D - a scroll of immolation {unknown}
 F - a scroll of blinking {unknown}
 N - a scroll of amnesia {unknown}
 R - a scroll of magic mapping {unknown}
 T - a scroll of vulnerability {unknown}
Potions
 e - a potion of berserk rage {unknown}
 i - 2 potions of curing
 n - 2 potions of haste {unknown}
 s - 2 potions of flight
 t - a potion of resistance {unknown}
 w - 4 potions of heal wounds
 H - a potion of magic {unknown}
 I - 3 potions of degeneration
 J - 2 potions of invisibility
 U - 2 potions of might
Comestibles
 d - 11 rations


   Skills:
 + Level 9.8 Fighting
 + Level 4.8 Short Blades
 + Level 4.8 Long Blades
 + Level 5.5 Axes
 + Level 5.5 Maces & Flails
 + Level 4.8 Polearms
 + Level 4.8 Staves
 + Level 4.8 Slings
 + Level 4.8 Bows
 + Level 4.8 Crossbows
 + Level 5.5 Throwing
 + Level 6.7 Armour
 + Level 4.8 Dodging
 + Level 4.8 Stealth
 + Level 5.5 Shields
 + Level 4.8 Unarmed Combat
 + Level 4.8 Spellcasting
 + Level 4.0 Conjurations
 + Level 4.0 Hexes
 + Level 4.0 Charms
 + Level 4.0 Summonings
 + Level 4.0 Necromancy
 + Level 4.0 Translocations
 + Level 4.0 Transmutations
 + Level 4.0 Fire Magic
 + Level 4.0 Ice Magic
 + Level 4.0 Air Magic
 + Level 4.0 Earth Magic
 + Level 4.0 Poison Magic
 + Level 5.3 Invocations
 + Level 4.8 Evocations


You had 18 spell levels left.
You didn't know any spells.
Your spell library contained the following spells:

 Spells                   Type           Power        Failure   Level  Hunger
 Shock                    Conj/Air       ##..         8%          1    None
 Swiftness                Chrm/Air       ##......     12%         2    ##.....
 Static Discharge         Conj/Air       ##......     22%         3    ###....
 Airstrike                Air            ##........   56%         4    ####...
 Lightning Bolt           Conj/Air       ##........   88%         5    ######.


Dungeon Overview and Level Annotations

Branches:
Dungeon (8/15)             Temple (1/1) D:7          Bailey (1/1)
   Lair: D:8-11

Altars:
Ashenzari
Cheibriados
Dithmenos
Elyvilon
Fedhas
Gozag
Hepliaklqana
Kikubaaqudgha
Makhleb
Nemelex Xobeh
Okawaru
Qazlal
Ru
Sif Muna
Trog
Uskayaw
Vehumet
Wu Jian
Xom
Yredelemnul
Zin
The Shining One

Shops:
D:6 (

Annotations:
D:7 2 transporters, Arch's ghost, novice DsSk; Harold


Innate Abilities, Weirdness & Mutations

Your experience applies equally to all skills.
You have very sharp teeth.
Your uncanny sense of smell can sniff out nearby items.


Message History

You reach to attack!
You miss the orc warrior.
The orc warrior hits you from afar with a +0 halberd!!
* * * LOW HITPOINT WARNING * * *
Attack whom?
Press: ? - help, Dir - move target cursor, f/p - orc warrior
Aim: an orc warrior, wielding a +0 halberd and wearing a +0 ring mail You reach to attack!
You miss the orc warrior.
The orc warrior hits you from afar with a +0 halberd.
* * * LOW HITPOINT WARNING * * *
Attack whom?
Press: ? - help, Dir - move target cursor, f/p - orc warrior
Aim: an orc warrior, wielding a +0 halberd and wearing a +0 ring mail You reach to attack!
You barely miss the orc warrior.
Attack whom?
Press: ? - help, Dir - move target cursor, f/p - orc warrior
Aim: an orc warrior, wielding a +0 halberd and wearing a +0 ring mail You reach to attack!
You hit the orc warrior.
The orc warrior is lightly wounded.
The orc warrior hits you from afar with a +0 halberd!
You die...

.........≈≈#.#
.........≈##.#
........≈..^.
........≈#∩.#
#######....≈≈#)#
##....##.....≈≈≈≈
##.o...##.........
##..#'''##.........
#.@##∩.∩##..##.....
#.####'####.##.....
#.')#.oo#)'.##(....
#)###o8.###.##.....
#)')#?.[#)'.##..(..
#.#########.##...(.
#..##)#)##..#......
##..#'#'#..##......
##.......##.......


You could see an orc warrior.

Vanquished Creatures
  An orc knight (Bailey)
  A hungry ghost (D:8)
  Menkaure (D:5)
  Duvessa (D:4)
  5 orc warriors
  A phantom (D:3)
  An ice beast (D:7)
  A sky beast (D:6)
  2 ogres
  A centaur (D:5)
  3 bullfrogs
  Blork the orc (D:5)
  Dowan (D:4)
  2 scorpions (D:3)
  A water moccasin skeleton (D:4)
  3 wights (D:7)
  A crimson imp (D:5)
  2 bullfrog zombies
  2 jellies
  4 hounds
  A bullfrog skeleton (D:5)
  5 orc wizards
  Crazy Yiuf (D:2)
  A gnoll shaman (D:2)
  2 orc priests (D:6)
  2 iguanas (D:4)
  5 worker ants
  A hound skeleton (D:4)
  A howler monkey zombie (D:6)
  Robin (D:4)
  8 gnolls
  A howler monkey skeleton (D:7)
  11 adders
  5 oozes
  2 adder zombies
  2 worms (D:3)
  3 dart slugs
  2 leopard geckos
  23 orcs
  4 giant cockroaches
  18 goblins
  10 hobgoblins
  7 jackals
  6 kobolds
  4 quokkas
  2 ball pythons
  9 bats
  6 frilled lizards
  A leopard gecko skeleton (D:7)
  A leopard gecko zombie (D:7)
  A quokka skeleton (D:7)
  5 rats
186 creatures vanquished.

Notes
Turn   | Place    | Note
-------+----------+-------------------------------------------
     0 | D:1      | Kagalorn the Gnoll Wanderer began the quest for the Orb.
     0 | D:1      | Kagalorn set off with the following items: a +0 mace, a +0
                  | shield, a +0 ring mail, a ration
     0 | D:1      | Reached XP level 1. HP: 26/26 MP: 1/1
   139 | D:1      | Reached XP level 2. HP: 30/33 MP: 2/2
   260 | D:1      | Reached XP level 3. HP: 36/38 MP: 3/3
   476 | D:1      | Reached skill level 1 in Invocations
   914 | D:2      | Reached skill level 1 in Short Blades
   914 | D:2      | Reached skill level 1 in Long Blades
   914 | D:2      | Reached skill level 1 in Polearms
   914 | D:2      | Reached skill level 1 in Staves
   914 | D:2      | Reached skill level 1 in Slings
   914 | D:2      | Reached skill level 1 in Bows
   914 | D:2      | Reached skill level 1 in Crossbows
   914 | D:2      | Reached skill level 1 in Dodging
   914 | D:2      | Reached skill level 1 in Stealth
   914 | D:2      | Reached skill level 1 in Unarmed Combat
   914 | D:2      | Reached skill level 1 in Spellcasting
   914 | D:2      | Reached skill level 1 in Evocations
   914 | D:2      | Reached XP level 4. HP: 45/45 MP: 5/5
  1575 | D:2      | Found a runed translucent door.
  1576 | D:2      | Noticed Crazy Yiuf
  1585 | D:2      | Killed Crazy Yiuf
  1585 | D:2      | Reached skill level 1 in Conjurations
  1585 | D:2      | Reached skill level 1 in Hexes
  1585 | D:2      | Reached skill level 1 in Charms
  1585 | D:2      | Reached skill level 1 in Summonings
  1585 | D:2      | Reached skill level 1 in Necromancy
  1585 | D:2      | Reached skill level 1 in Translocations
  1585 | D:2      | Reached skill level 1 in Transmutations
  1585 | D:2      | Reached skill level 1 in Fire Magic
  1585 | D:2      | Reached skill level 1 in Ice Magic
  1585 | D:2      | Reached skill level 1 in Air Magic
  1585 | D:2      | Reached skill level 1 in Earth Magic
  1585 | D:2      | Reached skill level 1 in Poison Magic
  1585 | D:2      | Reached XP level 5. HP: 48/51 MP: 6/6
  2277 | D:3      | Reached XP level 6. HP: 35/57 MP: 8/8
  2506 | D:3      | Reached skill level 5 in Armour
  2921 | D:4      | Noticed a phantom
  2994 | D:3      | Killed a phantom
  3143 | D:4      | Found a blossoming altar of Fedhas.
  3173 | D:4      | Noticed Robin
  3218 | D:3      | Reached XP level 7. HP: 53/63 MP: 10/10
  3609 | D:4      | Killed Robin
  4289 | D:4      | Reached skill level 9 in Fighting
  4344 | D:4      | Found a white marble altar of Elyvilon.
  4382 | D:4      | Noticed Dowan
  4384 | D:4      | Noticed Duvessa
  4432 | D:4      | Killed Duvessa
  4432 | D:4      | Reached XP level 8. HP: 66/71 MP: 10/12
  4439 | D:4      | Killed Dowan
  4823 | D:5      | Entered Level 5 of the Dungeon
  4893 | D:5      | Found a shattered altar of Ashenzari.
  4894 | D:5      | Found an opulent altar of Gozag.
  4918 | D:5      | Became a worshipper of Ashenzari the Shackled
  5099 | D:5      | Noticed Blork the orc
  5112 | D:5      | Killed Blork the orc
  5339 | D:5      | Noticed Menkaure
  5341 | D:5      | Killed Menkaure
  5718 | D:6      | Found Baass's Antique Weapon Shoppe.
  5789 | D:6      | Reached XP level 9. HP: 63/76 MP: 14/14
  6166 | D:6      | Found a burning altar of Makhleb.
  6297 | D:7      | Reached * piety under Ashenzari
  6678 | D:7      | Reached skill level 5 in Axes
  6678 | D:7      | Reached skill level 5 in Maces & Flails
  6678 | D:7      | Reached skill level 5 in Throwing
  6678 | D:7      | Reached skill level 5 in Shields
  6728 | D:7      | Noticed Harold
  6823 | D:7      | Found a staircase to the Ecumenical Temple.
  6827 | D:7      | Got the hunting sling of Duty {speed, rC++ Stlth-}
  6831 | Temple   | Entered the Ecumenical Temple
  7008 | D:7      | Identified the +5 hunting sling of Duty {speed, rC++
                  | Stlth-} (You found it on level 7 of the Dungeon)
  7036 | D:7      | Found a transporter.
  7039 | D:7      | Noticed Arch's ghost (novice DsSk)
  7041 | D:7      | Identified the +3 dire flail "Herr" {speed, rF+ Int-2 SInv}
  7045 | D:7      | Found a transporter.
  7538 | D:8      | Found a flagged portal.
  7559 | Bailey   | Entered a bailey
  7957 | Bailey   | Identified the ring of Yredelemnul's Esteem {Wiz rElec rF+
                  | MR+}
  8072 | Bailey   | Noticed an orc knight
  8095 | Bailey   | Reached skill level 5 in Invocations
  8107 | Bailey   | Killed an orc knight
  8107 | Bailey   | Reached XP level 10. HP: 30/85 MP: 15/17
  8121 | Bailey   | Slain by an orc warrior

Levels and vault maps discovered:
D:1:      wander_arrival_lonely_grave, layout_loops_ring
D:2:      layout_basic, first_ration, uniq_crazy_yiuf_cottage
D:3:      minmay_angry_zag, layout_loops_ring
D:4:      minmay_chambers_of_threes, layout_cave_pools, kennysheep_mini,
          fedhas_ov_isle_minmay, uniq_duvessa, uniq_robin
D:5:      layout_loops_ring, gammafunk_temple_overflow_statue, uniq_menkaure,
          uniq_blork_the_orc
D:6:      layout_basic, makhleb_heckhound_becter, serial_shops, shop
D:7:      layout_loops_ring, minmay_temple_entry_ruins, gammafunk_ghost_smash,
          minmay_joined_circles, uniq_harold
D:8:      layout_basic, enter_bailey_7, lightli_ossuary_entry_decrepit_ruins
Temple:   regret_index_temple_mists
Bailey:   bailey_polearm_2, bailey

Skill      XL: |  1  2  3  4  5  6  7  8  9 |
---------------+----------------------------+-----
Invocations    | 1 2 3 4 5 |  5.3
Short Blades   | 1 2 3 4 |  4.8
Long Blades    | 1 2 3 4 |  4.8
Polearms       | 1 2 3 4 |  4.8
Staves         | 1 2 3 4 |  4.8
Slings         | 1 2 3 4 |  4.8
Bows           | 1 2 3 4 |  4.8
Crossbows      | 1 2 3 4 |  4.8
Dodging        | 1 2 3 4 |  4.8
Stealth        | 1 2 3 4 |  4.8
Unarmed Combat | 1 2 3 4 |  4.8
Spellcasting   | 1 2 3 4 |  4.8
Evocations     | 1 2 3 4 |  4.8
Conjurations   | 1 2 3 4 |  4.0
Hexes          | 1 2 3 4 |  4.0
Charms         | 1 2 3 4 |  4.0
Summonings     | 1 2 3 4 |  4.0
Necromancy     | 1 2 3 4 |  4.0
Translocations | 1 2 3 4 |  4.0
Transmutations | 1 2 3 4 |  4.0
Fire Magic     | 1 2 3 4 |  4.0
Ice Magic      | 1 2 3 4 |  4.0
Air Magic      | 1 2 3 4 |  4.0
Earth Magic    | 1 2 3 4 |  4.0
Poison Magic   | 1 2 3 4 |  4.0
Axes           | 3 4 5 |  5.5
Maces & Flails | 3 4 5 |  5.5
Throwing       | 3 4 5 |  5.5
Shields        | 3 4 5 |  5.5
Armour         | 5 6 |  6.7
Fighting       | 9 |  9.8

Action                   |  1- 3 |  4- 6 |  7- 9 | 10-12 || total
-------------------------+-------+-------+-------+-------++-------
Melee: Mace              |   118 |   320 |    94 |       ||   532
       Bite              |    14 |    29 |    62 |       ||   105
       Trident           |       |       |   428 |     4 ||   432
       Hand axe          |       |       |     6 |       ||     6
 Fire: Hunting sling     |       |     5 |    33 |       ||    38
Throw: Stone             |       |       |     3 |       ||     3
       Boomerang         |       |       |     1 |       ||     1
Invok: Curse Item        |       |       |     1 |       ||     1
Evoke: Wand              |       |       |     9 |     1 ||    10
  Use: Scroll            |       |       |     8 |       ||     8
       Potion            |       |       |     1 |       ||     1
 Stab: Sleeping          |       |     2 |    13 |       ||    15
       Distracted        |       |       |     1 |       ||     1
  Eat: Chunk             |       |     8 |     5 |       ||    13
       Ration            |       |       |     4 |       ||     4
Armor: Ring mail         |    50 |   143 |   181 |       ||   374
Dodge: Dodged            |    38 |   128 |   222 |     1 ||   389
Block: Shield            |    53 |   186 |   269 |       ||   508
